 Dungeon Crawl Stone Soup version 0.19-a0-1498-g0b85ae9 (webtiles) character file.

8734 PurpleRed the Destroyer (level 11, -4/54 HPs)
             Began as a Deep Elf Conjurer on Sept 10, 2016.
             Was an Elder of Vehumet.
             Slain by a seven-headed hydra (9 damage)
             ... on level 11 of the Dungeon.
             The game lasted 00:40:27 (3973 turns).

PurpleRed the Destroyer (Deep Elf Conjurer)         Turns: 3973, Time: 00:40:27

Health: -4/54      AC:  8    Str:  5    XL:     11   Next: 13%
Magic:  0/28       EV: 12    Int: 28    God:    Vehumet [****..]
Gold:   435        SH:  6    Dex: 20    Spells: 5 memorised, 18 levels left

rFire  + . .     SeeInvis .     u - +10 dagger of Dodougaq {pain, Fragile Int+4 Dex+2 Stlth+}
rCold  . . .     Gourm    .     I - troll hide
rNeg   . . .     Faith    +     B - +0 buckler (curse)
rPois  .         Spirit   .     e - +0 helmet
rElec  .         Dismiss  .     i - +2 cloak
rCorr  .         Reflect  .     (no gloves)
MR     +....     Harm     .     h - +1 pair of boots
Stlth  +++.......               l - amulet of faith
                                z - ring of protection from fire
                                o - +3 ring of dexterity

@: no status effects
A: no striking features
a: Renounce Religion


You were on level 11 of the Dungeon.
You worshipped Vehumet.
Vehumet was greatly pleased with you.
You were not hungry.

You visited 2 branches of the dungeon, and saw 13 of its levels.

You collected 435 gold pieces.

Inventory:

Hand Weapons
 g - a +0 trident of venom
 u - the +10 dagger of Dodougaq (weapon) {pain, Fragile Int+4 Dex+2 Stlth+}
   (You found it on level 4 of the Dungeon)

   In the hands of one skilled in necromantic magic, it inflicts extra damage on
   living creatures.
   It affects your intelligence (+4).
   It affects your dexterity (+2).
   It will be destroyed if unequipped.
   It makes you more stealthy.
 A - the +5 dagger of Frustration {drain, rElec Stlth+, unknown}
   (You found it on level 8 of the Dungeon)

   A truly terrible weapon, it drains the life of those it strikes.
   It insulates you from electricity.
   It makes you more stealthy.
 J - a +0 blowgun
Missiles
 K - 16 poisoned needles
Armour
 a - a +0 robe
 e - a +0 helmet (worn)
 h - a +1 pair of boots (worn)
 i - a +2 cloak (worn)
 q - a +1 leather armour of fire resistance
 B - a cursed +0 buckler (worn)
 I - a troll hide (worn)
Jewellery
 l - an amulet of faith (around neck)
 o - a +3 ring of dexterity (left hand)
 x - an uncursed ring of ice
 z - a ring of protection from fire (right hand)
Wands
 p - a wand of lightning (8/15)
 y - a wand of polymorph (13/24)
 L - a wand of digging (17/24)
Scrolls
 j - 8 scrolls of remove curse
 v - a scroll of teleportation
Potions
 d - a potion of might
 k - 4 potions of curing
 m - a potion of haste
 n - 6 potions of lignification
 r - a potion of heal wounds
 w - 2 potions of brilliance
 C - 2 potions of mutation
 D - a potion of flight {unknown}
 E - a potion of ambrosia {unknown}
Books
 b - a book of Conjurations

   Spells                             Type                      Level
   a - Magic Dart                     Conjuration                  1
   b - Searing Ray                    Conjuration                  2
   c - Dazzling Spray                 Conjuration/Hexes            3
   d - Fulminant Prism                Conjuration/Hexes            4
   e - Iskenderun's Mystic Blast      Conjuration                  4
   f - Iskenderun's Battlesphere      Conjuration/Charms           5
 H - a book of Misfortune

   Spells                             Type                      Level
   a - Confusing Touch                Hexes                        1
   b - Confuse                        Hexes                        3
   c - Gell's Gravitas                Hexes/Translocation          3
   d - Petrify                        Transmutation/Earth          4
   e - Metabolic Englaciation         Hexes/Ice                    5
   f - Yara's Violent Unravelling     Hexes/Transmutation          5
Comestibles
 c - 6 bread rations
 f - 8 meat rations
 s - 2 slices of pizza
 G - 4 fruits


   Skills:
 - Level 2.4 Dodging
 - Level 2.4 Stealth
 - Level 4.0 Shields
 + Level 11.6 Spellcasting
 + Level 13.5 Conjurations
 - Level 8.0 Charms
 * Level 4.6 Fire Magic


You had 18 spell levels left.
You knew the following spells:

 Your Spells              Type           Power        Failure   Level  Hunger
a - Magic Dart            Conj           ####         1%          1    None
b - Searing Ray           Conj           ######       1%          2    None
c - Iskenderun's Mystic   Conj           #######.     1%          4    None
d - Iskenderun's Battles  Conj/Chrm      ######..     1%          5    ###....
e - Inner Flame           Hex/Fire       ####....     2%          3    None


Dungeon Overview and Level Annotations

Branches:
Dungeon (12/15)            Temple (1/1) D:7            Lair (0/6) D:10
    Orc: D:9-12

Altars:
Ashenzari
Cheibriados
Elyvilon
Fedhas
Gozag
Hepliaklqana
Kikubaaqudgha
Makhleb
Nemelex Xobeh
Okawaru
Qazlal
Ru
Sif Muna
Trog
Uskayaw
Vehumet
Xom
Yredelemnul
Zin
The Shining One

Annotations:
D:3 Grinder


Message History

The seven-headed hydra bites you!
* * * LOW HITPOINT WARNING * * *
The seven-headed hydra bites you.
* * * LOW HITPOINT WARNING * * *
Press: ? - help, v - describe, . - travel
Here: a seven-headed hydra (heavily wounded)
The floor, spattered with blood.
Unknown command.
Casting: Magic Dart
Confirm with . or Enter, or press ? or * to list all spells.
Aiming: Magic Dart
Press: ? - help, Shift-Dir - straight line, f/p - seven-headed hydra
Aim: a seven-headed hydra (heavily wounded)
The magic dart hits the seven-headed hydra.
The seven-headed hydra is severely wounded.
Your battlesphere fires!
The barrage of energy hits the seven-headed hydra.
The seven-headed hydra is severely wounded.
The seven-headed hydra bites you!
You die...

............##
#.........##
#.....)...#
#.......÷)#
#..*....(.#
#.......((# ######
#........(###<...#
#.D........##....#
#@......c<)##....#
#........(.))÷.).#
..........(.(.....#
##############....#
#....# #....#
#....# #....#
######


You could see a seven-headed hydra, a centaur (fleeing) and a friendly
battlesphere.

Vanquished Creatures
  Nergalle (D:10)
  An unseen horror (D:11)
  2 hill giants (D:11)
  2 kobold demonologists (D:11)
  A troll (D:9)
  Sigmund (D:6)
  A vampire (D:9)
  7 yaks
  A hungry ghost (D:9)
  A water moccasin (D:11)
  A soldier ant (D:11)
  4 orc warriors
  2 wasps
  3 ice beasts
  A sky beast (D:8)
  An eye of draining (D:11)
  A black bear (D:8)
  3 phantoms
  A necrophage (D:8)
  An ogre (D:8)
  2 centaurs (D:9)
  A crocodile (D:9)
  3 big kobolds (D:11)
  Blork the orc (D:6)
  4 giant frogs
  2 scorpions
  4 killer bees
  5 wights (D:9)
  2 howler monkeys
  An electric eel (D:11)
  A crimson imp (D:9)
  A giant frog zombie (D:10)
  A jelly (D:7)
  4 orc priests
  5 hounds
  9 orc wizards
  4 giant frog skeletons
  2 centaur skeletons
  2 iguanas
  6 worker ants
  The ghost of PurpleRed the Conjurer, a weakling DECj (D:3)
  2 worker ant zombies (D:6)
  2 gnolls (D:3)
  5 adders
  An ooze (D:2)
  5 giant geckos
  39 orcs
  2 bats (D:2)
  A giant cockroach (D:5)
  2 hobgoblins
  12 jackals
  3 quokkas
  A giant newt (D:2)
  3 goblins
  12 kobolds
  6 rats
193 creatures vanquished.

Notes
Turn   | Place    | Note
-------+----------+-------------------------------------------
     0 | D:1      | PurpleRed the Deep Elf Conjurer began the quest for the Orb.
     0 | D:1      | Reached XP level 1. HP: 10/10 MP: 6/6
   163 | D:2      | Reached XP level 2. HP: 15/15 MP: 5/8
   167 | D:2      | Learned a level 2 spell: Searing Ray
   275 | D:2      | Reached skill level 5 in Conjurations
   367 | D:3      | Reached XP level 3. HP: 17/19 MP: 8/10
   387 | D:3      | Found a shimmering altar of Xom.
   416 | D:3      | Noticed PurpleRed's ghost (weakling DECj)
   416 | D:3      | Noticed Grinder
   433 | D:3      | Killed PurpleRed's ghost
   639 | D:3      | Reached XP level 4. HP: 16/24 MP: 7/12
   895 | D:4      | Found a burning altar of Makhleb.
   945 | D:4      | Got an ichor-stained dagger
   947 | D:4      | Identified the +10 dagger of Dodougaq {pain, Fragile Int+4 Dex+2 Stlth+} (You found it on level 4 of the Dungeon)
   978 | D:5      | Entered Level 5 of the Dungeon
  1018 | D:6      | Reached skill level 6 in Conjurations
  1022 | D:6      | Reached skill level 5 in Spellcasting
  1022 | D:6      | Reached XP level 5. HP: 25/28 MP: 7/14
  1029 | D:6      | Learned a level 4 spell: Iskenderun's Mystic Blast
  1035 | D:6      | Learned a level 5 spell: Iskenderun's Battlesphere
  1044 | D:6      | Noticed Blork the orc
  1053 | D:6      | Killed Blork the orc
  1053 | D:6      | Reached skill level 1 in Charms
  1076 | D:6      | Noticed an orc warrior
  1142 | D:5      | Found a shattered altar of Ashenzari.
  1167 | D:5      | Reached XP level 6. HP: 22/32 MP: 11/16
  1176 | D:5      | Reached skill level 7 in Conjurations
  1263 | D:6      | Noticed an ice beast
  1303 | D:5      | Reached XP level 7. HP: 21/36 MP: 7/18
  1422 | D:5      | Reached skill level 8 in Conjurations
  1566 | D:6      | Found a bloodstained altar of Trog.
  1613 | D:7      | Found a sparkling altar of Nemelex Xobeh.
  1672 | D:6      | Noticed Sigmund
  1682 | D:6      | Killed Sigmund
  1708 | D:6      | Reached skill level 5 in Charms
  1708 | D:6      | Reached XP level 8. HP: 30/41 MP: 4/20
  1797 | D:7      | Found a basalt altar of Yredelemnul.
  1797 | D:7      | Found a stormy altar of Qazlal.
  1797 | D:7      | Found a glowing golden altar of the Shining One.
  1800 | D:7      | Found a burning altar of Makhleb.
  1809 | D:7      | Found a bloodstained altar of Trog.
  1838 | D:7      | Found a staircase to the Ecumenical Temple.
  1844 | D:7      | Reached skill level 9 in Conjurations
  1865 | Temple   | Entered the Ecumenical Temple
  1943 | Temple   | Became a worshipper of Vehumet
  1986 | D:7      | Found an opulent altar of Gozag.
  2085 | D:8      | Got a crystal dagger
  2114 | D:10     | Entered Level 10 of the Dungeon
  2344 | D:8      | Reached * piety under Vehumet
  2344 | D:8      | Offered knowledge of Shock by Vehumet.
  2344 | D:8      | Reached skill level 10 in Conjurations
  2417 | D:8      | Reached XP level 9. HP: 45/45 MP: 12/23
  2716 | D:9      | Reached skill level 11 in Conjurations
  2772 | D:9      | Noticed a troll
  2779 | D:9      | Killed a troll
  2779 | D:9      | Reached skill level 1 in Shields
  2907 | D:9      | Found a deep blue altar of Sif Muna.
  3017 | D:9      | Offered knowledge of Flame Tongue by Vehumet.
  3036 | D:9      | Reached ** piety under Vehumet
  3143 | D:10     | Found a staircase to the Lair.
  3180 | D:11     | Reached skill level 10 in Spellcasting
  3192 | D:11     | Noticed a kobold demonologist
  3202 | D:11     | Noticed a hellwing
  3203 | D:11     | Killed a kobold demonologist
  3203 | D:11     | Reached skill level 12 in Conjurations
  3203 | D:11     | Reached XP level 10. HP: 50/50 MP: 8/26
  3357 | D:10     | Noticed Nergalle
  3365 | D:11     | Noticed a seven-headed hydra
  3438 | D:10     | Killed Nergalle
  3438 | D:10     | Offered knowledge of Inner Flame by Vehumet.
  3443 | D:10     | Learned a level 3 spell: Inner Flame
  3497 | D:11     | Reached skill level 1 in Fire Magic
  3601 | D:11     | Reached *** piety under Vehumet
  3653 | D:11     | Reached skill level 13 in Conjurations
  3657 | D:11     | Noticed a hill giant
  3720 | D:11     | Noticed a hill giant
  3728 | D:11     | Killed a hill giant
  3734 | D:11     | Killed a hill giant
  3759 | D:11     | Offered knowledge of Olgreb's Toxic Radiance by Vehumet.
  3817 | D:11     | Reached XP level 11. HP: 50/54 MP: 7/28
  3891 | D:11     | Reached **** piety under Vehumet
  3909 | D:11     | Killed an unseen horror
  3936 | D:11     | Offered knowledge of Force Lance by Vehumet.
  3973 | D:11     | Slain by a seven-headed hydra

Vault maps used:
D:1:      nicolae_arrival_memento_mori, hex_tiny
D:2:      kennysheep_six_static_rooms, serial_glass, glass_columns_a,
          glass_columns_a, nrook_mini_vaults
D:3:      nicolae_overflow_crystal_walls, kennysheep_cluttered_room,
          uniq_grinder
D:4:      hangedman_decor_push, makhleb_heckhound_becter
D:5:      evilmike_ruin_ashenzari, first_bread, grunt_decor_clamped
D:6:      nicolae_dithmenos_shadow_blocks, bloody_trog, uniq_blork_the_orc,
          uniq_sigmund
D:7:      nicolae_gozag_seed_capital, minitemple, basic_altar
D:9:      lemuel_coloured_pillars_altar
D:10:     lair_0_dummy, uniq_nergalle
D:11:     minivault_4, hangedman_little_slice_of_home
D:12:     zombieorc2_lemuel, enter_bailey_8, minmay_holes
Temple:   minmay_temple_curvy_loop

Skill      XL: |  1  2  3  4  5  6  7  8  9 10 11 |
---------------+----------------------------------+-----
Conjurations   | 5 6 7 8 10 12 13 | 13.5
Spellcasting   | 4 5 6 7 8 10 11 | 11.6
Charms         | 1 3 5 7 8 |  8.0
Shields        | 2 4 |  4.0
Fire Magic     | 3 4 |  4.6
Dodging        | |  2.4
Stealth        | |  2.4

Action                   |  1- 3 |  4- 6 |  7- 9 | 10-12 || total
-------------------------+-------+-------+-------+-------++-------
Melee: Trident           |    41 |     1 |       |       ||    42
       Dagger            |       |    18 |    45 |    73 ||   136
 Cast: Magic Dart        |    14 |     2 |    93 |    56 ||   165
       Searing Ray       |     2 |    11 |    10 |    10 ||    33
       Iskenderun's Batt |       |       |    22 |    17 ||    39
       Iskenderun's Myst |       |       |     5 |     5 ||    10
Evoke: Wand              |       |       |     3 |     1 ||     4
  Use: Scroll            |       |     8 |     8 |     2 ||    18
 Stab: Sleeping          |     1 |     3 |     2 |       ||     6
       Distracted        |     1 |       |       |     1 ||     2
  Eat: Chunk             |       |     1 |     8 |     2 ||    11
       Beef jerky        |       |       |     1 |     1 ||     2
       Royal jelly       |       |       |     1 |       ||     1
Armor: Robe              |    14 |    11 |    12 |       ||    37
       Troll hide        |       |       |     3 |    30 ||    33
Dodge: Dodged            |    35 |    14 |    40 |    56 ||   145
Block: Buckler           |       |       |       |    11 ||    11
